 Dungeon Crawl Stone Soup version 0.32-a0-18-g89e19f1974 (webtiles) character file.

Game seed: 17582352724161239362

408 p00ps00p the Trooper (level 6, -1/56 HPs)
             Began as a Hill Orc Fighter on Jan 16, 2024.
             Slain by a mummy (13 damage)
             ... in an ossuary.
             The game lasted 00:05:08 (3771 turns).

p00ps00p the Trooper (Hill Orc Fighter)             Turns: 3771, Time: 00:05:09

Health: -1/56      AC: 11    Str: 21    XL:     6   Next: 88%
Magic:  6/6        EV:  9    Int:  8    God:
Gold:   236        SH:  5    Dex: 10    Spells: 5/5 levels left

rFire   . . .        n - +3 hand axe
rCold   . . .        c - +0 buckler
rNeg    . . .        b - +1 scale mail
rPois   .            f - +2 helmet
rElec   .            (no cloak)
rCorr   .            (no gloves)
SInv    .            (no boots)
Will    .....        (no amulet) Stlth
                     (no ring)
HPRegen 0.29/turn    (no ring)
MPRegen 0.10/turn

%: no passive effects
@: mighty, invisible
A: no striking features
a: no special abilities


You were in an ossuary.
You visited 1 branch of the dungeon, and saw 4 of its levels.
You also visited: Ossuary.

You collected 236 gold pieces.

Inventory:

Hand Weapons
 a - a +0 war axe of chaos
 i - a +0 battleaxe
 n - a +3 hand axe (weapon)
Missiles
 e - 4 poisoned darts (quivered)
 h - a throwing net
Armour
 b - a +1 scale mail (worn)
 c - a +0 buckler (worn)
 f - a +2 helmet (worn)
Scrolls
 g - a scroll of fear {unknown}
 j - 2 scrolls of teleportation
 r - a scroll of enchant armour
Potions
 d - a potion of might
 l - a potion of ambrosia {unknown}
 m - a potion of attraction {unknown}
 o - 2 potions of enlightenment
 q - a potion of resistance {unknown}


   Skills:
 + Level 5.5 Fighting
 + Level 5.1 Axes
 + Level 4.9 Armour
 + Level 5.0 Shields


You had 5 spell levels left.
You didn't know any spells.
Your spell library contained the following spells:

 Spells                   Type           Power      Damage    Failure   Level
 Magic Dart               Conj           0%         1d3       80%         1
 Sandblast                Erth           0%         2d4       80%         1
 Blink                    Tloc           0%         N/A       91%         2
 Call Imp                 Summ           0%         N/A       91%         2
 Ensorcelled Hibernation  Hex/Ice        0%         N/A       91%         2
 Passwall                 Erth           0%         N/A       99%         3
 Stone Arrow              Conj/Erth      0%         3d7       99%         3
 Swiftness                Air            0%         N/A       99%         3
 Brom's Barrelling Bould  Conj/Erth      0%         2d3       100%        4


Dungeon Overview and Level Annotations

Branches:
Dungeon (4/15)            Ossuary (1/1)
 Temple: D:4-7

Altars:
Sif Muna
Uskayaw

Shops:
D:1 [

Annotations:
Ossuary Menkaure


Message History

The centaur zombie kicks you but does no damage.
The mummy barely misses you.
Menkaure points at you and mumbles some strange words.
Pain shoots through your body!
You barely miss Menkaure.
Menkaure is moderately damaged.
You hit the mummy but do no damage. You hit the mummy.
You slash the centaur zombie!
The centaur zombie hits you but does no damage.
The centaur zombie completely misses you.
The centaur zombie hits you but does no damage.
The centaur zombie kicks you but does no damage.
The mummy barely misses you.
You feel very mighty all of a sudden. Menkaure hits you!
The mummy closely misses you.
The centaur zombie hits you but does no damage.
The centaur zombie closely misses you. The mummy closely misses you.
Unknown command.
You fade into invisibility!
Menkaure hits you but does no damage. The centaur zombie misses you.
The centaur zombie kicks you but does no damage.
The mummy hits you but does no damage. The mummy barely misses you.
Menkaure hits you!
Unknown command.
You slash Menkaure!
Menkaure is severely damaged.
You hit the mummy. You slash the centaur zombie! You slash the mummy!
You hit the mummy.
The centaur zombie closely misses you. x2
The mummy barely misses you. Menkaure hits you!
* * * LOW HITPOINT WARNING * * *
You hit Menkaure.
Menkaure is almost destroyed.
You barely miss the mummy.
You strike the helpless centaur zombie from behind!
You slash the centaur zombie! You slash the mummy! x2
The centaur zombie hits you but does no damage.
The centaur zombie kicks you but does no damage.
You block Menkaure's attack. You block the mummy's attack.
The mummy closely misses you. The mummy hits you!
You die...

#..#.#....#....#....#....#
+
#..#.#.........#....#....#
#
#..'.####......#...#######
#..###.............
#..#.'.............
#..#.#........!?!..
#..'.#.....M.?=$??.
#..########MM?$∩$!.
#..#.#.....@M!?$?!.
#..#.#....'ZM.??!..
#..'.'.............
#..###............. #..#
####......#... #..#
.......# .. #..+ ...#....#
. #..# ....#....# #..#


You could see Menkaure (fast), 4 mummies and a centaur zombie (unable to see
you).

Vanquished Creatures
  An ogre (D:4)
  A hound (D:4)
  An orc priest (D:3)
  An iguana (D:3)
  An orc wizard (D:3)
  2 ogre zombies (Ossuary)
  2 mummies (Ossuary)
  4 adders
  6 adder zombies (Ossuary)
  A dart slug (D:2)
  A ribbon worm (D:3)
  6 orcs
  6 ball pythons
  10 endoplasms
  5 giant cockroaches
  4 goblins
  6 hobgoblins
  4 jackals (D:1)
  4 quokkas
  9 bats
  2 frilled lizards
  A goblin zombie (Ossuary)
  2 hobgoblin zombies (Ossuary)
  4 kobolds
  2 quokka zombies (Ossuary)
  2 rats
88 creatures vanquished.

Notes
Turn   | Place    | Note
-------+----------+-------------------------------------------
     0 | D:1      | p00ps00p the Hill Orc Fighter began the quest for the Orb.
     0 | D:1      | Reached XP level 1. HP: 19/19 MP: 1/1
    65 | D:1      | Reached XP level 2. HP: 24/27 MP: 2/2
   245 | D:1      | Found a faded altar of an unknown god.
   306 | D:1      | Reached XP level 3. HP: 29/33 MP: 3/3
   413 | D:1      | Found Raguanic's Antique Armour Shop.
   998 | D:2      | Reached XP level 4. HP: 40/40 MP: 4/4
  1129 | D:2      | Identified the +6 dagger "Moawiapn" {elec, Int+4 Dex+3}
  1649 | D:3      | HP: 2/41 [iguana (2)]
  1651 | D:3      | Reached XP level 5. HP: 3/47 MP: 5/5
  2182 | D:3      | Found a shimmering blue altar of Sif Muna.
  2296 | D:3      | Found a hide-covered altar of Uskayaw.
  3012 | D:4      | Noticed an ogre
  3035 | D:4      | Killed an ogre
  3036 | D:4      | Reached skill level 5 in Fighting
  3036 | D:4      | Reached XP level 6. HP: 12/56 MP: 6/6
  3413 | D:4      | Found a sand-covered staircase.
  3418 | Ossuary  | Entered an ossuary
  3554 | Ossuary  | Reached skill level 5 in Axes
  3745 | Ossuary  | Reached skill level 5 in Shields
  3761 | Ossuary  | Noticed Menkaure
  3771 | Ossuary  | Slain by a mummy

Illustrated notes

Levels and vault maps discovered:
D:1:      minmay_arrival_arboretum_small, layout_basic, serial_shops, shop,
          basic_ecumenical_altar, minmay_heptomino_l4
D:2:      layout_basic
D:3:      layout_basic, lemuel_coloured_pillars_altar,
          mainiacjoe_overflow_alcove_2
D:4:      layout_cave_pools, amcnicky_altar_gilded,
          mainiacjoe_overflow_tiny_flanked, temple_statues,
          nicolae_ossuary_entry_plus, minmay_misc_feat_rugged,
          grunt_ministairs_4
Ossuary:  ossuary_boxes_badplayer

Skill      XL: |  1  2  3  4  5  6 |
---------------+-------------------+-----
Axes           | 3 4 5 |  5.1
Fighting       | 4 5 |  5.5
Shields        | 4 5 |  5.0
Armour         | 4 |  4.9

Action                     |  1- 3 |  4- 6 || total
---------------------------+-------+-------++-------
  Melee: War axe           |   106 |    65 ||   171
         Hand axe          |       |   158 ||   158
  Throw: Dart              |       |     2 ||     2
    Use: Scroll            |     4 |     6 ||    10
         Potion            |       |     3 ||     3
   Stab: Invisible         |       |     2 ||     2
 Armour: Scale mail        |    83 |   148 ||   231
  Dodge: Dodged            |    69 |    94 ||   163
  Block: Buckler           |    22 |    38 ||    60

Table legend: (Time is in decaauts)
 A = Elapsed time spent in this place.
 B = Non-inter-level travel time spent in this place.
 C = Inter-level travel time spent in this place.
 D = Time resting spent in this place.
 E = Time spent auto-exploring this place.
 F = Levels seen in this place.
 G = Mean time per level.
                   A        B        C        D        E       F      G
               +--------+--------+--------+--------+--------+-----+--------+
         Total |   3845 |   3712 |    133 |    300 |   2693 |   5 |  769.0 |
       Dungeon |   3484 |   3351 |    133 |    300 |   2451 |   4 |  871.0 |
       Ossuary |    360 |    360 |      0 |      0 |    242 |   1 |  360.0 |
               +--------+--------+--------+--------+--------+-----+--------+

Top non-repeatable levels by time:
     D:3: 1628 daAuts
     D:1: 785 daAuts
     D:2: 661 daAuts
     D:4: 409 daAuts
 Ossuary: 360 daAuts
